Map: Orbital Shipyard

Players

SticklerMac

  • Race: Zerg Zerg
  • League: Grandmaster

Ahat - Winner!

  • Race: Zerg Zerg
  • League: Grandmaster

VOD

Have the link to the VOD?

Description

Time

  • Played on: Aug. 4, 2015, 10:55 p.m.
  • Length: 9:47
Show
View Real Time Build Order
Export as new Build Order

SticklerMac Zerg 

Build Orders: Pool First, Zergling Baneling 

Get SALT Encoding   

  12  0:00  Drone  
  13  0:09  Drone  
  14  0:17  Overlord  
  14  0:33  Spawning Pool  
  13  0:38  Drone  
  13  0:40  Drone  
  15  0:44  Extractor  
  15  0:48  Drone  
  15  0:50  Drone  
  16  1:00  Drone  
  17  1:11  Drone  
  18  1:24  Hatchery  
  17  1:27  Zergling x2  
  18  1:35  Zergling x2  
  19  1:42  Queen  
  21  1:50  Metabolic Boost  
  21  1:57  Overlord  
  21  2:05  Drone  
  22  2:22  Zergling x4  
  24  2:30  Baneling Nest  
  24  2:31  Drone  
  23  2:48  Zergling x2  
  23  2:49  Zergling x6  
  26  2:53  Queen  
  26  2:56  Drone x2  
  26  2:57  Zergling x2  
  26  2:58  Zergling x2  
  32  3:04  Overlord  
  32  3:22  Overlord x2  
  32  3:23  Zergling x2  
  33  3:33  Zergling x8  
  36  3:41  Zergling x6  
  36  3:45  Zergling x2  
  39  3:55  Zergling x6  
  40  3:57  Zergling x2  
  43  4:09  Zergling x4  
  46  4:10  Zergling x4  
  46  4:13  Baneling  
  46  4:14  Baneling  
  46  4:15  Baneling  
  46  4:16  Baneling  
  46  4:18  Baneling  
  46  4:19  Baneling  
  46  4:20  Baneling  
  46  4:22  Baneling  
  46  4:24  Baneling  
  46  4:25  Baneling  
  46  4:27  Baneling  
  46  4:28  Baneling  
  46  4:29  Baneling  
  46  4:31  Baneling  
  47  4:38  Zergling x2  
  47  4:39  Zergling x2  
  47  4:44  Drone x2  
  50  4:51  Zergling x2  
  45  5:05  Zergling x12  
  35  5:13  Zergling x6  
  38  5:14  Zergling x2  
  38  5:19  Zergling x2  
  38  5:20  Zergling x2  
  41  5:23  Baneling x3  
  41  5:25  Baneling  
  41  5:28  Drone  
  41  5:33  Zergling x4  
  44  5:36  Zergling x2  
  44  5:37  Zergling x2  
  45  5:47  Zergling x6  
  43  5:52  Zergling x4  
  43  5:57  Zergling x4  
  46  6:16  Roach Warren, Extractor  
  46  6:17  Overlord x2  
  44  6:25  Overlord  
  44  6:28  Overlord  
  44  6:42  Drone x4  
  48  6:50  Drone x2  
  48  6:51  Drone  
  51  7:03  Drone x2  
  52  7:13  Drone x5  
  57  7:17  Drone x2  
  59  7:30  Queen  
  59  7:31  Queen  
  63  7:43  Hatchery  
  62  7:45  Roach  
  62  7:48  Roach x2  
  63  8:07  Zergling x8  
  63  8:08  Zergling x10  
  62  8:15  Zergling x2  
  62  8:18  Roach x2, Zergling x2  
  66  8:30  Zergling x4  
  66  8:31  Zergling x6  
  64  8:37  Zergling x2  
  64  8:38  Zergling x4  
  64  8:39  Zergling x2  
  63  8:48  Roach  
  61  9:01  Zergling x2  
  61  9:02  Roach, Zergling x2  
  65  9:04  Roach  
Show
View Real Time Build Order
Export as new Build Order

Ahat Zerg - Winner!

Build Orders: Pool First, Zergling Baneling 

Get SALT Encoding   

  12  0:01  Drone  
  13  0:08  Drone  
  14  0:26  Spawning Pool  
  13  0:33  Overlord  
  13  0:37  Drone  
  14  0:42  Extractor  
  14  0:44  Drone  
  14  0:52  Drone  
  14  0:55  Drone  
  16  1:08  Drone  
  17  1:12  Queen  
  19  1:33  Hatchery  
  19  1:39  Drone x2  
  20  1:43  Drone  
  21  1:56  Zergling x2  
  22  2:02  Overlord  
  22  2:06  Baneling Nest  
  21  2:13  Zergling x2  
  22  2:20  Queen  
  22  2:21  Zergling x2  
  22  2:22  Zergling x2  
  26  2:30  Zergling x4  
  27  2:58  Queen  
  29  3:05  Drone  
  29  3:06  Drone x2  
  29  3:09  Drone x3  
  35  3:13  Lair  
  35  3:15  Extractor  
  34  3:25  Roach Warren  
  31  3:35  Zergling x8  
  33  3:50  Zergling x6  
  33  3:52  Overlord  
  36  3:56  Baneling x2  
  36  3:57  Baneling x3  
  36  4:03  Overlord  
  36  4:13  Drone x4  
  40  4:31  Drone x3  
  40  4:32  Drone x5  
  48  4:38  Overseer  
  48  4:49  Overlord, Baneling x5  
  48  4:50  Overlord  
  43  5:07  Roach x4  
  43  5:08  Roach x3  
  57  5:24  Roach x2  
  57  5:25  Overlord, Roach  
  63  5:31  Extractor  
  63  5:32  Drone  
  63  5:33  Drone, Extractor  
  63  6:02  Overlord x3, Roach  
  63  6:03  Roach x3  
  63  6:04  Roach  
  73  6:06  Glial Reconstitution  
  73  6:10  Hatchery  
  72  6:20  Roach x2  
  72  6:21  Roach  
  78  6:42  Drone x3  
  78  6:43  Drone x7  
  88  6:52  Evolution Chamber  
  87  6:54  Evolution Chamber  
  87  6:57  Burrow  
  87  6:58  Drone  
  87  6:59  Drone  
  88  7:02  Overlord x3  
  88  7:18  Zerg Ground Armor Level 1  
  88  7:20  Zerg Missile Weapons Level 1  
  88  7:23  Roach x4  
  96  7:39  Drone  
  96  7:40  Drone x5  
  102  7:44  Drone x3  
  105  8:03  Roach  
  105  8:04  Roach x8  
  121  8:14  Drone  
  121  8:15  Drone x6  
  118  8:56  Roach x9  
  118  8:58  Roach x12  
  118  8:59  Roach  
  118  9:00  Roach x5  
  118  9:01  Overlord x3  
  118  9:02  Overlord x2  
  130  9:22  Overlord  
  130  9:23  Overlord x2  
  130  9:24  Roach x17  
Tags
 
Add a new tag
Caveats
  • Supply blocks, unpowered buildings, or Contaminate may cause inaccurate times.
  • Supply counts are checked every 10 seconds.